 Dungeon Crawl Stone Soup version 0.17-a0-2002-g92c7e20 (webtiles) character file.

651 tp1 the Chopper (level 7, 0/41 HPs)
             Began as a Gargoyle Berserker on Oct 8, 2015.
             Was a Priest of Trog.
             Slain by an ogre
             ... wielding a +0 giant club
              (21 damage)
             ... on level 4 of the Dungeon.
             The game lasted 00:17:12 (2731 turns).

tp1 the Chopper (Gargoyle Berserker)                Turns: 2731, Time: 00:17:13

Health: 0/41       AC: 14    Str: 21    XL:     7   Next: 53%
Magic:  7/7        EV:  8    Int:  7    God:    Trog [***...]
Gold:   176        SH:  0    Dex: 11    Spells: 0 memorised, 6 levels left

rFire  . . .     SeeInvis .     a - +1 hand axe
rCold  . . .     Clarity  .     p - +0 chain mail
rNeg   + . .     SustAt   .     (no shield)
rPois  ∞         Gourm    .     (no helmet)
rElec  +         Spirit   .     o - +0 cloak
rCorr  .         Warding  .     (no gloves)
rMut   .         Stasis   .     (no boots)
MR     .....                    (no amulet)
Stlth  ..........               (no ring)
                                x - ring of flight

@: not resistant to hostile enchantments, extremely unstealthy
A: negative energy resistance 1, electricity resistance, unbreathing,
petrification resistance, rot immunity, AC +4
a: Burn Spellbooks, Berserk, Trog's Hand, Renounce Religion, Evoke Flight


You were on level 4 of the Dungeon.
You worshipped Trog.
Trog was most pleased with you.
You were not hungry.

You visited 1 branch of the dungeon, and saw 4 of its levels.

You collected 176 gold pieces.

Inventory:

Hand Weapons
 a - a +1 hand axe (weapon)
 r - a +0 blowgun
 t - a +0 mace
Missiles
 f - 2 needles of confusion
 s - 10 poisoned needles
Armour
 b - a +0 animal skin
 m - a +0 scale mail
 o - a +0 cloak (worn)
 p - a +0 chain mail (worn)
Jewellery
 x - a ring of flight (left hand)
Scrolls
 e - 2 scrolls of remove curse
 i - a scroll of amnesia
 j - 2 scrolls of identify
 k - a scroll of enchant weapon
 n - 3 scrolls of recharging {unknown}
 u - a scroll of immolation {unknown}
 v - a scroll of enchant armour {unknown}
Potions
 g - 4 potions of curing {unknown}
 h - a potion of might {unknown}
 l - a potion of ambrosia {unknown}
 q - a potion of poison {unknown}
Comestibles
 c - 5 bread rations
 d - 2 meat rations
 w - 7 chunks of flesh


   Skills:
 - Level 3.4 Fighting
 + Level 7.0(7.1) Axes
 * Level 1.2(4.9) Maces & Flails
 - Level 2.1 Armour
 - Level 3.0 Dodging


You had 6 spell levels left.
You didn't know any spells.

Dungeon Overview and Level Annotations

Branches:
Dungeon (4/15)             Temple (0/1) D:4

Altars:
Elyvilon
Ru
Yredelemnul

Shops:
D:4 :


Innate Abilities, Weirdness & Mutations

You are resistant to torment.
Your stone body is resilient (AC +4).
You are immune to poison.
You resist negative energy.
You are resistant to electric shocks.
You can survive without breathing.
You are immune to petrification.
You are immune to rotting.


Message History

You miss something. Something hits you but does no damage.
You hit something but do no damage. Something hits you but does no damage.
You closely miss something. Something hits you but does no damage.
Your chain mail prevents you from hitting something.
You miss something. Something hits you but does no damage.
You barely miss something. Something hits you but does no damage.
You hit something. Trog accepts your kill.
Reactivating autopickup.
Your Axes skill increases to level 7!
You feel a bit more experienced.
An ogre comes into view. It is wielding a giant club.
The ogre shouts!
The ogre hits you with a giant club.
You barely miss the ogre. The ogre hits you but does no damage.
You hit the ogre.
The ogre is lightly wounded.
The ogre hits you with a giant club!!
Ouch! That really hurt!
You die...

#....##########....
#...## ##...
#...###########..#.
##..##..........##.
#.###....>...####.
#.# #.....÷.......
#.# #........####.
#.##..........# #.
#@#..########.####
#...O...# #..###
#.......# ##....
#..###..# ##### #..
..# #.. .# #.. #
##.


You could see an ogre.

Vanquished Creatures
  Menkaure (D:4)
  A sky beast (D:4)
  An ogre (D:4)
  A giant frog (D:3)
  A scorpion (D:4)
  A giant frog skeleton (D:3)
  An orc wizard (D:3)
  3 gnolls (D:3)
  5 adders
  An adder skeleton (D:4)
  3 worms
  A giant gecko (D:3)
  8 orcs
  5 bats
  4 giant cockroaches
  8 goblins
  4 hobgoblins
  11 kobolds
  4 ball pythons
  4 giant newts
  8 jackals (D:1)
  A quokka (D:4)
  6 rats
  A butterfly (D:4)
84 creatures vanquished.

Notes
Turn   | Place    | Note
--------------------------------------------------------------
     0 | D:1      | tp1 the Gargoyle Berserker began the quest for the Orb.
     0 | D:1      | Reached XP level 1. HP: 14/14 MP: 1/1
   132 | D:1      | Reached XP level 2. HP: 16/19 MP: 2/2
   418 | D:1      | Acquired Trog's second power
   630 | D:1      | Reached XP level 3. HP: 23/23 MP: 3/3
   907 | D:2      | Found a basalt altar of Yredelemnul.
  1532 | D:2      | Reached XP level 4. HP: 17/28 MP: 4/4
  1934 | D:3      | Noticed a giant frog
  1945 | D:3      | Killed a giant frog
  1945 | D:3      | Reached skill level 4 in Axes
  1945 | D:3      | Reached XP level 5. HP: 32/32 MP: 5/5
  2188 | D:3      | Found a sacrificial altar of Ru.
  2188 | D:3      | Found a white marble altar of Elyvilon.
  2391 | D:3      | Reached skill level 5 in Axes
  2391 | D:3      | Reached XP level 6. HP: 32/37 MP: 6/6
  2549 | D:4      | Received a gift from Trog
  2556 | D:4      | Noticed Menkaure
  2567 | D:4      | Killed Menkaure
  2567 | D:4      | Reached skill level 6 in Axes
  2571 | D:4      | Reached XP level 7. HP: 41/41 MP: 7/7
  2589 | D:4      | Found Muny's Book Emporium.
  2657 | D:4      | Found a staircase to the Ecumenical Temple.
  2669 | D:4      | Reached skill level 1 in Maces & Flails
  2719 | D:4      | Reached skill level 7 in Axes
  2731 | D:4      | Slain by an ogre

Vault maps used:
D:1:      lightli_arrival_lavapool, minmay_misc_feat_room, serial_park_tiny_1,
          grunt_decor_mini_mirrors
D:2:      old_standard_altar, first_bread
D:3:      gammafunk_temple_overflow_statue
D:4:      kennysheep_mini_moat, minmay_temple_entry_butterflies, serial_shops,
          nicolae_shop_temple_entry_statues_fountains, uniq_blork_the_orc,
          uniq_menkaure, uniq_sigmund

Action                   |  1- 3 |  4- 6 |  7- 9 || total
-------------------------+-------+-------+-------++-------
Melee: Hand axe          |   112 |    89 |    50 ||   251
       Mace              |       |    19 |       ||    19
Invok: Berserk           |     1 |     2 |       ||     3
  Use: Scroll            |       |     4 |       ||     4
  Eat: Chunk             |     3 |     4 |     2 ||     9
